 Dungeon Crawl Stone Soup version 0.23.2 (webtiles) character file.

Game seed: 12227295290448252756

32 Kinoniko the Slasher (level 3, -1/29 HPs)
             Began as a Demonspawn Chaos Knight on Apr 4, 2019.
             Was a Plaything of Xom.
             Slain by a hobgoblin
             ... wielding a +0 club
              (5 damage)
             ... on level 2 of the Dungeon.
             The game lasted 00:02:38 (1083 turns).

Kinoniko the Slasher (Demonspawn Chaos Knight)      Turns: 1083, Time: 00:02:39

Health: -1/29      AC:  5    Str: 12    XL:     3   Next: 8%
Magic:  3/3        EV: 11    Int: 13    God:    Xom [..*...]
Gold:   54         SH:  4    Dex: 13    Spells: 2/2 levels left

rFire    . . .     SeeInvis .   a - +0 falchion (chaos)
rCold    . . .     Gourm    .   (no shield)
rNeg     . . .     Faith    .   b - +2 leather armour
rPois    .         Spirit   .   (no helmet)
rElec    .         Reflect  .   (no cloak)
rCorr    .         Harm     .   (no gloves)
MR       .....                  (no boots)
Stlth    +.........             (no amulet)
HPRegen  0.09/turn              (no ring)
MPRegen  0.08/turn              (no ring)

@: no status effects
A: hooves 1, large bone plates 1
a: Renounce Religion


You were on level 2 of the Dungeon.
You worshipped Xom.
You were a toy of Xom.
You were hungry.

You visited 1 branch of the dungeon, and saw 2 of its levels.

You collected 54 gold pieces.

Inventory:

Hand Weapons
 a - a +0 falchion of chaos (weapon)
Armour
 b - a +2 leather armour (worn)
Scrolls
 h - a scroll of identify {unknown}
Potions
 d - a potion of heal wounds {unknown}
 e - a potion of invisibility {unknown}
 f - a potion of magic {unknown}
 g - a potion of flight {unknown}
Comestibles
 c - 4 rations


   Skills:
 + Level 3.2 Fighting
 * Level 3.4 Long Blades
 * Level 2.0 Armour
 * Level 1.1 Dodging


You had 2 spell levels left.
You didn't know any spells.
Your spell library was empty.

Dungeon Overview and Level Annotations

Branches:
Dungeon (2/15)

Altars:

Annotations:
D:2 Natasha, Sigmund


Innate Abilities, Weirdness & Mutations

You have large cloven feet.
You are partially covered in large bone plates. (SH +4)


Message History

The shadow imp hits you but does no damage.
You closely miss Natasha.
Natasha is severely wounded.
Natasha mumbles some strange words.
The hobgoblin barely misses you.
The shadow imp hits you but does no damage.
Something hits you.
You are too injured to fight recklessly!
You are too injured to fight recklessly!
You are too injured to fight recklessly!
You are too injured to fight recklessly!
You are too injured to fight recklessly!
You are too injured to fight recklessly!
You hit Natasha.
Natasha goes berserk!
Natasha is severely wounded.
Natasha claws you.
* * * LOW HITPOINT WARNING * * *
You block the shadow imp's attack. The hobgoblin hits you with a +0 club.
You die...
Xom giggles madly!

..........5...<#
............$..#
...........h...#
.......§......#
#......#§....#
##..§######
###..#5{....#
#....#hg....#
###.##.#.@....#
.........55....#
....###.#......#
#.# #.#......# #
#.#.######
#.#.## #.#..#
#.##.# #. #.#


You could see Natasha (berserk), a crimson imp, a white imp, a shadow imp and a
hobgoblin.

Vanquished Creatures
  2 dart slugs (D:1)
  4 bats
  2 giant cockroaches (D:1)
  3 goblins (D:1)
  7 hobgoblins (D:1)
  4 frilled lizards (D:1)
  A kobold (D:1)
  3 rats
26 creatures vanquished.

Vanquished Creatures (others)
  4 toadstools (D:1)
4 creatures vanquished.

Grand Total: 30 creatures vanquished

Notes
Turn   | Place    | Note
-------+----------+-------------------------------------------
     0 | D:1      | Kinoniko the Demonspawn Chaos Knight began the quest for
                  | the Orb.
     0 | D:1      | Reached XP level 1. HP: 18/18 MP: 1/1
   129 | D:1      | Gained mutation: You are partially covered in large bone
                  | plates. (SH +4) [demonic ancestry]
   129 | D:1      | Reached XP level 2. HP: 19/24 MP: 2/2
   305 | D:1      | Reached skill level 1 in Dodging
   523 | D:1      | XOM: noise
   562 | D:1      | Gained mutation: You have large cloven feet. [demonic
                  | ancestry]
   562 | D:1      | Reached XP level 3. HP: 29/29 MP: 3/3
   981 | D:1      | XOM: mild Hex miscast
  1068 | D:2      | Noticed Sigmund
  1069 | D:2      | Noticed Natasha
  1072 | D:2      | XOM: smoke on damage
  1083 | D:2      | Slain by a hobgoblin

Skill      XL: |  1  2 |
---------------+-------+-----
Long Blades    | 3 |  3.4
Armour         | 2 |  2.0
Dodging        | 1 |  1.1
Fighting       | |  3.2

Action                   || total
-------------------------++-------
Melee: Falchion          ||    76
       Kick              ||     4
Armor: Leather armour    ||    43
Dodge: Dodged            ||    43
Block: Other             ||    11
       Rpst.: Falchion   ||    12
